 Dungeon Crawl Stone Soup version 0.29.1-12-g30fa7ad0bf (webtiles) character file.

Game seed: 14495227145940973753

7 GeoRichter the Trooper (level 1, 4/18 HPs)
             Began as a Demonspawn Fighter on Dec 25, 2022.
             Quit the game on level 1 of the Dungeon.
             The game lasted 00:00:27 (256 turns).

GeoRichter the Trooper (Demonspawn Fighter)          Turns: 256, Time: 00:00:28

Health: 4/18       AC:  7    Str: 16    XL:     1   Next: 91%
Magic:  1/1        EV:  8    Int:  9    God:
Gold:   31         SH:  4    Dex: 12    Spells: 0/0 levels left

rFire   . . .      SeeInvis .   a - +0 flail
rCold   . . .      Faith    .   c - +0 buckler
rNeg    . . .      Spirit   .   b - +0 scale mail
rPois   .          Reflect  .   (no helmet)
rElec   .          Harm     .   e - +0 cloak
rCorr   .          Rampage  .   (no gloves)
Will    .....                   (no boots)
Stlth   ..........              (no amulet)
HPRegen 0.06/turn               (no ring)
MPRegen 0.07/turn               (no ring)

@: lethally poisoned (4 -> -8)
A: no striking features
a: no special abilities


You were on level 1 of the Dungeon.
You visited 1 branch of the dungeon, and saw 1 of its levels.

You collected 31 gold pieces.

Inventory:

Hand Weapons
 a - a +0 flail (weapon)
Armour
 b - a +0 scale mail (worn)
 c - a +0 buckler (worn)
 e - a +0 cloak (worn)
   (You found it on level 1 of the Dungeon)
Potions
 d - a potion of might


   Skills:
 + Level 3.1 Fighting
 * Level 2.2 Maces & Flails
 - Level 2.6 Armour
 - Level 2.6 Shields


You couldn't memorise any spells.
You didn't know any spells.
Your spell library contained the following spells:

 Spells                   Type           Power      Damage    Failure   Level
 Frozen Ramparts          Ice            0%         1d1       99%         3
 Ice Form                 Ice/Tmut       0%         N/A       100%        4
 Summon Ice Beast         Ice/Summ       0%         N/A       100%        4


Dungeon Overview and Level Annotations

Branches:
Dungeon (1/15) Zot: 5736

Altars:


Message History

An endoplasm comes into view.
The endoplasm quivers.
The frilled lizard bites the bush but does no damage.
The endoplasm jiggles.
You barely miss the frilled lizard. The frilled lizard closely misses you.
You barely miss the frilled lizard.
The frilled lizard bites you but does no damage. x2
You sock the frilled lizard!
You kill the frilled lizard!
The endoplasm hits you but does no damage.
You hit the endoplasm. The endoplasm freezes you.
You are frozen.
The endoplasm barely misses you.
You hit the endoplasm but do no damage. The endoplasm barely misses you.
You hit the endoplasm. The endoplasm hits you.
You hit the endoplasm.
You kill the endoplasm!
No target in view!
You now have 31 gold pieces (gained 7).
A kobold comes into view. It is wielding a +0 dagger of venom.
The kobold shouts!
A kobold is nearby!
A kobold is nearby!
The kobold throws a stone.
The stone closely misses you.
A bat comes into view.
You closely miss the kobold.
The kobold hits you with a +0 dagger of venom.
You are poisoned.
You barely miss the kobold.
You feel very sick. The bat hits you. The kobold hits you but does no damage.
A hobgoblin comes into view.
The bat completely misses you.
You closely miss the kobold.
You feel sick.
The hobgoblin shouts!
The bat hits you but does no damage. The kobold hits you but does no damage.
You are lethally poisoned!
The kobold closely misses you. The kobold attacks as you move away!
The kobold hits you with a +0 dagger of venom.
* * * LOW HITPOINT WARNING * * *
* * * LOW HITPOINT WARNING * * *
You feel very sick. The bat hits you but does no damage.
You block the bat's attack.
You aren't carrying any items that you can evoke.
Unknown command.
Okay, then.
Okay, then.
Saving game... please wait.
Welcome back, GeoRichter the Demonspawn Fighter.

##. ##.P .P## #
##.P♣♣♣♣♣...
#.###.......♣PP# .#
#.........P.♣..##.#
##
#.......P.PP♣♣.##.#
#.
......gK.P♣♣♣..##.#
#.
#b.P♣♣.P†##>###.#.
#@....P.........#.
#.#####..##.#####.
#.# #.....#####.
#.# #.†.........
#.............####
...P♣...##..###


.PP ♣...##..# P♣♣♣PP..##..# ### ♣♣♣....... ..# You could see a hobgoblin, a bat
and a kobold.

Vanquished Creatures
  A dart slug (D:1)
  2 endoplasms (D:1)
  2 frilled lizards (D:1)
  A rat (D:1)
6 creatures vanquished.

Vanquished Creatures (others)
  2 plants (D:1)
2 creatures vanquished.

Grand Total: 8 creatures vanquished

Notes
Turn   | Place    | Note
-------+----------+-------------------------------------------
     0 | D:1      | GeoRichter the Demonspawn Fighter began the quest for the
                  | Orb.
     0 | D:1      | Reached XP level 1. HP: 18/18 MP: 1/1
   256 | D:1      | Quit the game

Illustrated notes

Levels and vault maps discovered:
D:1:      lightli_arrival_noodles, layout_loops_ring, serial_shops,
          nicolae_shop_behind_doors, serial_forest,
          infiniplex_forest_straight_4, infiniplex_forest_clump_diagonal,
          infiniplex_forest_clump_C, infiniplex_forest_clump_medium

Skill      XL: |  1 |
---------------+----+-----
Maces & Flails | 2 |  2.2
Fighting       | |  3.1
Armour         | |  2.6
Shields        | |  2.6

Action                   || total
-------------------------++-------
Melee: Flail             ||    20
Armor: Scale mail        ||     9
Dodge: Dodged            ||    13
Block: Buckler           ||     2
